 Dungeon Crawl Stone Soup version 0.26-a0-542-gbaa144ba5c (webtiles) character file.

Game seed: 5888214143364066465

125 Eifo4Ohj9gu9Dob0ohLe the Slasher (level 4, 0/40 HPs)
             Began as a Draconian Berserker on Aug 18, 2020.
             Was a Believer of Trog.
             Slain by an orc wizard
             ... wielding a +0 dagger
              (5 damage)
             ... on level 2 of the Dungeon.
             The game lasted 00:10:07 (2172 turns).

Eifo4Ohj9gu9Dob0ohLe the Slasher (DrBe)             Turns: 2172, Time: 00:10:08

Health: 0/40       AC:  5    Str: 21    XL:     4   Next: 82%
Magic:  4/4        EV: 13    Int:  7    God:    Trog [**....]
Gold:   134        SH:  0    Dex: 10    Spells: 3/3 levels left

rFire    . . .     SeeInvis .   a - +0 falchion
rCold    . . .     Faith    .   (no shield)
rNeg     . . .     Spirit   .   (armour unavailable)
rPois    .         Reflect  .   (helmet restricted)
rElec    .         Harm     .   (no cloak)
rCorr    .                      (no gloves)
MR       .....                  (no boots)
Stlth    +.........             (no amulet)
HPRegen  0.13/turn              (no ring)
MPRegen  0.09/turn              (no ring)

@: berserk cooldown, slowed, very slow
A: unfitting armour, cold-blooded, AC +5
a: Berserk, Trog's Hand, Renounce Religion


You were on level 2 of the Dungeon.
You worshipped Trog.
Trog was pleased with you.
You visited 1 branch of the dungeon, and saw 3 of its levels.

You collected 134 gold pieces.

Inventory:

Hand Weapons
 a - a +0 falchion (weapon)
Armour
 e - a scarf of resistance
Scrolls
 b - a scroll of remove curse {unknown}
 f - 2 scrolls of identify {unknown}
 h - a scroll of fog {unknown}
Potions
 c - a potion of brilliance {unknown}
 d - a potion of stabbing {unknown}
 g - a potion of might {unknown}


   Skills:
 + Level 4.1 Fighting
 + Level 4.3 Long Blades
 + Level 3.5 Dodging
 + Level 0.7 Stealth


You had 3 spell levels left.
You didn't know any spells.
Your spell library was empty.

Dungeon Overview and Level Annotations

Branches:
Dungeon (3/15)

Altars:
Ashenzari
The Shining One


Innate Abilities, Weirdness & Mutations

Your plain brown scales are hard. (AC +5)
You cannot fit into any form of body armour.
You are cold-blooded and may be slowed by cold attacks.


Message History

A magic dart appears from out of thin air!
The magic dart hits you.
* * * LOW HITPOINT WARNING * * *
You miss something.
An orc wizard appears from thin air!
Reactivating autopickup.
The orc wizard hits you but does no damage.
The orc wizard gestures wildly while chanting.
The orc wizard flickers and vanishes!
Deactivating autopickup; reactivate with Ctrl-A.
You barely miss something. Something hits you.
* * * LOW HITPOINT WARNING * * *
Unknown command.
You miss something. Something hits you.
* * * LOW HITPOINT WARNING * * *
Something hits you but does no damage.
You miss something.
Your tail-slap misses something.
You feel less confused. Something hits you but does no damage.
You miss something. Something hits you but does no damage. Something hits you.
You die...

#..#.# #.# #........#
#..#.# #.# #######.##
#..#.# ##'## #.## #....#
##...## #... ##.###
##.....## #### #..##
##.......## ##.##
##...####.........####...#
#.......')>.......'.......
###...####@{.......####...#
##.#..## ##.......## ##.##
#....## ##.....## ######
##.### ##...## #..... #.#
##+## #.####
##.############.# #.#
#.............#.# #.#
#..###..#####.#.## #.#
#..###..# #....## #.#


There were no monsters in sight!

Vanquished Creatures
  An orc wizard (D:3)
  A gnoll (D:3)
  2 adders (D:2)
  2 oozes (D:1)
  2 worms (D:2)
  4 dart slugs (D:1)
  A leopard gecko (D:2)
  2 orcs
  5 bats
  6 giant cockroaches
  6 goblins
  5 hobgoblins
  A quokka (D:2)
  4 frilled lizards
  3 kobolds (D:1)
  5 rats
50 creatures vanquished.

Notes
Turn   | Place    | Note
-------+----------+-------------------------------------------
     0 | D:1      | Eifo4Ohj9gu9Dob0ohLe the Draconian Berserker began the
                  | quest for the Orb.
     0 | D:1      | Reached XP level 1. HP: 19/19 MP: 1/1
   199 | D:1      | Found a shattered altar of Ashenzari.
   209 | D:1      | Reached XP level 2. HP: 24/26 MP: 2/2
   502 | D:1      | Reached XP level 3. HP: 33/33 MP: 3/3
  1040 | D:1      | Reached ** piety under Trog
  1389 | D:2      | Found a glowing golden altar of the Shining One.
  1657 | D:2      | Reached XP level 4. HP: 36/40 MP: 4/4
  2172 | D:2      | Slain by an orc wizard

Illustrated notes

Levels and vault maps discovered:
D:1:      dpeg_arrival_snail, layout_basic, ashenzari_altar_1
D:2:      layout_loops_corners, tso_altar
D:3:      layout_rooms, lemuel_crystal_altar, lemuel_zombie_altar_kikubaaqudgha,
          chequers_ecumenical_altar_twisty, uniq_jessica

Skill      XL: |  1  2  3  4 |
---------------+-------------+-----
Dodging        | 3 |  3.5
Fighting       | 4 |  4.1
Long Blades    | 4 |  4.3
Stealth        | |  0.7

Action                   |  1- 3 |  4- 6 || total
-------------------------+-------+-------++-------
Melee: Falchion          |   108 |    42 ||   150
       Tailslap          |    11 |     5 ||    16
Invok: Berserk           |       |     1 ||     1
 Stab: Sleeping          |       |     1 ||     1
Armor: Skin              |    43 |    11 ||    54
Dodge: Dodged            |    91 |    23 ||   114
       Rpst.: Falchion   |    31 |     3 ||    34

Table legend: (Time is in decaauts)
 A = Elapsed time spent in this place.
 B = Non-inter-level travel time spent in this place.
 C = Inter-level travel time spent in this place.
 D = Time resting spent in this place.
 E = Time spent auto-exploring this place.
 F = Levels seen in this place.
 G = Mean time per level.
                   A        B        C        D        E       F      G
               +--------+--------+--------+--------+--------+-----+--------+
         Total |   2192 |   2192 |      0 |    332 |    426 |   3 |  730.7 |
       Dungeon |   2192 |   2192 |      0 |    332 |    426 |   3 |  730.7 |
               +--------+--------+--------+--------+--------+-----+--------+

Top non-repeatable levels by time:
     D:1: 1195 daAuts
     D:2: 981 daAuts
     D:3: 16 daAuts
